AoeStats
← YurissOvo

Arena

506376979Analyzed
4v4 RM · 20d ago on Sep 13, 2026· 28m 43s· 8 players
Game mode
Random Map
Map size
Large (8 player)
Population
200
Speed
Normal
Resources
Standard
Victory
Conquest
Starting age
Dark Age
Ending age
Imperial Age
RankedLock teamsTeams togetherTeam positionsShared explorationLock speedFull tech treeHidden civsTurbo modeCheats
Victory
Defeat
🇨🇳 Burmese · China
1046
+16
🇨🇳 Vikings · China
1046
+16
🇨🇳 Hindustanis · China
1039
+17
🇨🇳 Cumans · China
1022
+17
🇨🇳 Bohemians · China
1099
-18
🇩🇪 Khmer · Germany
1051
-16
🇷🇴 Romans · Romania
1032
-16
🇷🇸 Portuguese · Serbia
1025
-16
Haki D. Ruffy
7:18 Loom
10:45 Feudal Age
12:03 Wheelbarrow
11:16 Double-Bit Axe
11:15 Horse Collar
17:31 Castle Age
15:39 Stone Mining
15:57 Gold Mining
18:30 Hand Cart
19:01 Bow Saw
18:55 Heavy Plow
18:44 Town Watch
22:45 Gold Shaft Mining
22:47 Stone Shaft Mining
Mokindra
12:01 Feudal Age
15:36 Castle Age
13:45 Double-Bit Axe
14:07 Horse Collar
20:57 Heavy Plow
24:10 Wheelbarrow
23:21 Loom
23:23 Town Watch
25:39 Hand Cart
25:25 Man-at-Arms
Mofo Te FUTE !
10:01 Feudal Age
15:27 Castle Age
21:50 Double-Bit Axe
21:47 Horse Collar
24:33 Wheelbarrow
23:45 Loom
23:46 Town Watch
NORINCO
11:29 Feudal Age
10:27 Loom
15:26 Castle Age
13:47 Horse Collar
13:58 Double-Bit Axe
14:37 Horse Collar
16:41 Bow Saw
17:39 Heavy Plow
19:43 Man-at-Arms
21:03 Fervor
20:52 Murder Holes
23:53 Scale Mail Armor
24:51 Long Swordsman
如果智慧有颜色
0:33 Loom
10:47 Feudal Age
11:32 Double-Bit Axe
11:31 Horse Collar
21:41 Castle Age
19:27 Town Watch
20:41 Wheelbarrow
22:05 Stone Mining
22:05 Gold Mining
22:48 Bow Saw
22:45 Heavy Plow
23:31 Hand Cart
27:35 Gold Shaft Mining
28:59 Forging
28:54 Scale Barding Armor
31:42 Imperial Age
2457184173
10:39 Feudal Age
15:23 Castle Age
13:59 Double-Bit Axe
14:03 Horse Collar
14:21 Double-Bit Axe
14:14 Man-at-Arms
15:29 Long Swordsman
19:39 Bow Saw
20:33 Scale Mail Armor
21:38 Forging
23:48 Gambesons
24:01 Gold Mining
25:21 Chain Mail Armor
26:43 Arson
YurissOvo
4:45 Loom
10:38 Feudal Age
12:01 Horse Collar
19:15 Castle Age
20:34 Redemption
20:34 Fervor
20:45 Sanctity
22:35 Pikeman
28:44 Bloodlines
飞鱼
11:37 Feudal Age
15:39 Castle Age
14:10 Double-Bit Axe
14:52 Horse Collar
17:05 Bow Saw
18:04 Wheelbarrow
19:55 Scale Mail Armor
25:44 Chain Mail Armor
27:34 Forging
31:07 Imperial Age
Connection lost

Rejoining the realm…

Still unreachable

The connection could not be restored.

Session expired

The server has moved on; the page needs a fresh start.